Map: Galactic Process LE

Players

Hydra

  • Race: Zerg Zerg

Welmu - Winner!

  • Race: Protoss Protoss

Event: 2016 WCS Summer Circuit Championship (DH Montreal)

VOD

Have the link to the VOD?

Description

Time

  • Played on: Aug. 12, 2016, 12:05 p.m.
  • Length: 7:13

All games in this series

Show
View Real Time Build Order
Export as new Build Order

Hydra Zerg 

Build Orders: Hatch First 

Get SALT Encoding   

  12  0:00  Drone  
  13  0:07  Drone  
  14  0:16  Overlord  
  14  0:21  Extractor  
  13  0:23  Drone  
  15  0:44  Hatchery  
  15  0:48  Drone  
  15  0:51  Drone  
  15  0:55  Drone  
  17  0:59  Drone  
  18  1:05  Extractor  
  17  1:15  Spawning Pool  
  17  1:18  Drone  
  17  1:21  Drone  
  18  1:31  Drone  
  19  1:41  Overlord  
  19  1:52  Drone  
  20  1:56  Drone  
  21  2:01  Queen x2  
  21  2:03  Zergling x2  
  21  2:08  Metabolic Boost  
  26  2:12  Drone  
  26  2:15  Drone  
  28  2:18  Drone  
  29  2:24  Drone  
  29  2:28  Drone  
  31  2:40  Hatchery  
  31  2:42  Zergling x2  
  31  2:48  Pneumatized Carapace  
  31  2:51  Zergling x2  
  31  2:54  Overlord  
  31  2:58  Drone  
  33  3:00  Drone  
  33  3:02  Drone  
  35  3:10  Drone  
  36  3:15  Drone x2  
  36  3:16  Drone x3  
  36  3:19  Overlord  
  41  3:24  Overlord  
  41  3:33  Baneling Nest  
  40  3:37  Queen  
  41  3:41  Drone  
  41  3:44  Evolution Chamber, Drone  
  41  3:47  Zergling x6  
  45  3:49  Zergling x4  
  45  3:52  Zergling x2  
  45  3:54  Zergling x2  
  49  3:57  Zergling x2  
  50  4:03  Drone, Overlord  
  50  4:07  Zergling x2  
  52  4:13  Zergling x6  
  55  4:17  Baneling x4  
  55  4:18  Zergling x6  
  55  4:20  Overlord  
  58  4:26  Zergling x2  
  58  4:27  Zergling x6  
  58  4:30  Zerg Melee Weapons Level 1  
  62  4:35  Zergling x2  
  63  4:38  Overlord  
  63  4:40  Drone  
  63  4:43  Drone  
  65  4:48  Drone x6  
  65  4:51  Drone x2  
  74  4:52  Drone  
  74  4:56  Overlord  
  74  4:59  Drone  
  75  5:00  Drone  
  75  5:01  Drone  
  75  5:03  Drone  
  75  5:07  Lair  
  78  5:09  Drone  
  78  5:11  Drone  
  80  5:16  Extractor  
  80  5:17  Extractor  
  80  5:18  Extractor, Drone  
  80  5:19  Roach Warren  
  77  5:22  Drone x3  
  77  5:23  Drone  
  81  5:29  Overlord x2  
  81  5:38  Zergling x12  
  81  5:41  Overlord  
  87  5:45  Zergling x4  
  88  5:51  Zergling x4  
  88  5:55  Zergling x2  
  80  6:03  Zergling x20  
  84  6:08  Zergling x2  
  67  6:14  Zergling x2  
  67  6:15  Zergling x2  
  67  6:17  Zergling x2  
  64  6:24  Drone  
  63  6:26  Zergling x2  
  59  6:40  Drone  
  59  6:42  Drone x2  
  59  6:44  Zergling x4  
  59  6:49  Zergling x4  
  59  6:52  Zergling x2  
  59  6:54  Zergling x2  
  51  6:56  Zergling x2  
Show
View Real Time Build Order
Export as new Build Order

Welmu Protoss - Winner!

Build Orders: 1 Gate Expand, Mass Adepts 

Get SALT Encoding   

  12  0:00  Probe (Chrono Boost)  
  13  0:11  Probe (Chrono Boost)  
  14  0:20  Pylon  
  14  0:22  Probe (Chrono Boost)  
  15  0:38  Probe (Chrono Boost)  
  15  0:39  Gateway  
  16  0:48  Assimilator  
  16  0:49  Probe (Chrono Boost)  
  17  0:59  Probe (Chrono Boost)  
  18  1:10  Probe (Chrono Boost)  
  19  1:20  Nexus  
  19  1:30  Cybernetics Core  
  19  1:33  Probe (Chrono Boost)  
  19  1:38  Assimilator  
  20  1:43  Probe (Chrono Boost)  
  21  1:49  Pylon  
  22  1:54  Probe (Chrono Boost)  
  22  2:03  Adept  
  22  2:06  Probe (Chrono Boost)  
  22  2:07  Warp Gate  
  25  2:18  Probe (Chrono Boost)  
  25  2:20  Twilight Council  
  26  2:27  Adept  
  27  2:30  Probe (Chrono Boost)  
  27  2:33  Probe (Chrono Boost)  
  30  2:42  Probe (Chrono Boost)  
  33  2:44  Mothership Core (Chrono Boost), Resonating Glaives  
  33  2:54  Probe (Chrono Boost)  
  34  3:03  Adept  
  34  3:04  Probe (Chrono Boost)  
  36  3:06  Probe (Chrono Boost)  
  38  3:16  Probe (Chrono Boost)  
  38  3:18  Probe (Chrono Boost)  
  40  3:21  Gateway  
  40  3:22  Gateway  
  40  3:26  Adept  
  41  3:28  Probe (Chrono Boost)  
  41  3:30  Probe (Chrono Boost)  
  44  3:38  Pylon  
  44  3:40  Probe (Chrono Boost)  
  45  3:44  Probe (Chrono Boost)  
  46  3:58  Probe (Chrono Boost), Nexus  
  46  4:00  Probe (Chrono Boost), Pylon  
  48  4:09  Probe (Chrono Boost)  
  49  4:12  Probe (Chrono Boost)  
  50  4:17  Adept x2  
  50  4:20  Probe (Chrono Boost)  
  50  4:21  Adept  
  50  4:22  Pylon  
  58  4:24  Probe (Chrono Boost)  
  58  4:30  Probe (Chrono Boost)  
  58  4:31  Pylon  
  59  4:41  Adept x3  
  59  4:42  Probe (Chrono Boost)  
  59  4:44  Probe (Chrono Boost)  
  67  4:53  Probe (Chrono Boost)  
  67  4:55  Assimilator  
  67  4:56  Probe (Chrono Boost)  
  69  5:02  Adept x2  
  69  5:03  Probe (Chrono Boost), Robotics Facility  
  69  5:04  Adept  
  77  5:08  Probe (Chrono Boost)  
  77  5:11  Probe (Chrono Boost)  
  79  5:14  Probe (Chrono Boost)  
  79  5:20  Probe (Chrono Boost)  
  80  5:23  Adept x2  
  80  5:24  Adept  
  80  5:25  Probe (Chrono Boost)  
  80  5:26  Pylon  
  87  5:30  Probe (Chrono Boost)  
  87  5:32  Robotics Facility  
  87  5:33  Probe (Chrono Boost)  
  89  5:37  Probe (Chrono Boost)  
  90  5:43  Probe (Chrono Boost)  
  90  5:47  Probe x2 (Chrono Boost), Assimilator  
  93  5:51  Pylon  
  93  5:54  Probe (Chrono Boost)  
  88  5:57  Adept x3  
  88  6:00  Warp Prism  
  92  6:05  Probe x2 (Chrono Boost)  
  92  6:08  Probe (Chrono Boost)  
  85  6:19  Adept x3  
  91  6:27  Gateway  
  91  6:30  Gateway x2  
  91  6:34  Gateway  
  91  6:39  Gateway  
  87  7:00  Adept x3  
Tags
 
Add a new tag
Caveats
  • Supply blocks, unpowered buildings, or Contaminate may cause inaccurate times.
  • Supply counts are checked every 10 seconds.